 Dungeon Sprint DCSS version 0.30-a0-883-g5ad918d77d (webtiles) character file.

Game seed: 6396828017378005190

158 sircluck the Covered (level 5, -3/37 HPs)
             Began as a Gargoyle Fighter on Mar 16, 2023.
             Slain by a human (8 damage)
             ... in the Dungeon (Sprint III: "The Ten Rune Challenge").
             The game lasted 00:01:10 (437 turns).

sircluck the Covered (Gargoyle Fighter)              Turns: 437, Time: 00:01:10

Health: -3/37      AC: 11    Str: 22    XL:     5   Next: 40%
Magic:  5/5        EV:  9    Int:  8    God:
Gold:   14         SH:  5    Dex:  9    Spells: 4/4 levels left

rFire   . . .      SeeInvis .    a - +0 flail
rCold   . . .      Faith    .    c - +0 buckler
rNeg    + . .      Spirit   .    b - +0 scale mail
rPois   ∞          Reflect  .    (no helmet)
rElec   +          Rampage  .    (no cloak)
rCorr   .          NoTele   +    (no gloves)
Will    .....                    (no boots) Stlth
                                 (no amulet)
HPRegen 0.26/turn                (no ring)
MPRegen 0.09/turn                (no ring)

@: mighty
A: sickness immunity, AC +4, negative energy resistance 1, electricity
resistance, torment resistance 1, petrification resistance
a: no special abilities


You were in the Dungeon.
You visited 1 branch You collected 14 gold pieces.

Inventory:

Hand Weapons
 a - a +0 flail (weapon)
Missiles
 k - 5 stones (quivered)
Armour
 b - a +0 scale mail (worn)
 c - a +0 buckler (worn)
Scrolls
 j - a scroll of blinking
 l - a scroll of torment {unknown}
 m - 3 scrolls of identify
 o - a scroll of poison {unknown}
Potions
 e - a potion of curing
 f - a potion of heal wounds
 g - a potion of haste
 h - 2 potions of magic
 n - 4 potions of flight
 p - 5 potions of mutation


   Skills:
 + Level 6.5 Fighting
 + Level 4.8 Maces & Flails
 + Level 1.2 Throwing
 + Level 6.7 Armour
 + Level 0.9 Dodging
 + Level 0.6 Stealth
 + Level 6.5 Shields


You had 4 spell levels left.
You didn't know any spells.
Your spell library was empty.

Dungeon Overview and Level Annotations

Branches:
Dungeon (1/1)

Altars:
Okawaru
Trog
Uskayaw
Wu Jian


Innate Abilities, Weirdness & Mutations

You are immune to sickness and miasma.
Your stone body is resilient. (AC +4)
You are immune to poison.
You resist negative energy. (rN+)
You are resistant to electric shocks. (rElec)
You are resistant to unholy torment.
You are immune to petrification.


Message History

You feel yourself speed up.
You start waiting.
You recover from your berserk rage.
You start waiting.
Done waiting.
You open the door.
A human comes into view.
The human shouts!
Found a leather armour.
Found five altars.
You feel very mighty all of a sudden.
The human drinks a potion.
The human seems to grow stronger.
A human comes into view. It is wielding a +0 dagger.
The human shouts!
You sock the human!
The human is moderately wounded.
The human hits you.
You thump the human!
The human is severely wounded.
The human hits you!
You hit the human.
The human is severely wounded.
The human drinks a potion.
The human goes berserk!
The human hits you with a +0 dagger. The human hits you.
The human barely misses you.
There is an open door, spattered with blood here.
You hit the human.
The human is lightly wounded.
The human hits you with a +0 dagger. You block the human's attack.
The human hits you with a +0 dagger!
* * * LOW HITPOINT WARNING * * *
The human barely misses you.
You closely miss the human.
The human is severely wounded.
The human hits you but does no damage. The human hits you.
* * * LOW HITPOINT WARNING * * *
The human closely misses you.
You closely miss the human.
The human is severely wounded.
The human barely misses you. The human hits you!
You die...

▓▓▓▓▓▓ ▓▓▓ ...♣.♣♣ ♣.#
##### ....♣.♣ ♣.# #___#
.....♣♣ ♣♣.# #p_.#
....~.♣♣♣..###+#@###+##
...~~♣♣.♣♣.#...p......#
..~~~~.♣...'.⌠........#
..~≈≈~~~♣♣.#...######+#
.~~≈~~~....#.⌠.#
.~≈~~~.....#...#
.~~~.......#+###
...........#
...........#


You could see 2 humans.

Vanquished Creatures
  A scorpion (D)
  A water elemental (D)
  Jessica (D)
  A human (D)
  2 endoplasms (D)
6 creatures vanquished.

Notes
Turn   | Place    | Note
-------+----------+-------------------------------------------
     0 | D        | sircluck the Gargoyle Fighter began the quest for the Orb.
     0 | D        | Reached XP level 1. HP: 14/14 MP: 1/1
    24 | D        | Noticed Jessica
    31 | D        | Killed Jessica
    32 | D        | Reached XP level 2. HP: 13/20 MP: 2/2
    32 | D        | Reached XP level 3. HP: 17/25 MP: 3/3
   112 | D        | Reached skill level 5 in Fighting
   112 | D        | Reached skill level 5 in Armour
   112 | D        | Reached skill level 5 in Shields
   197 | D        | Noticed a scorpion
   215 | D        | Killed a scorpion
   216 | D        | Reached skill level 1 in Throwing
   216 | D        | Reached XP level 4. HP: 32/32 MP: 4/4
   291 | D        | Noticed a water elemental
   294 | D        | Killed a water elemental
   295 | D        | Reached XP level 5. HP: 37/37 MP: 5/5
   428 | D        | Found a hide-covered altar of Uskayaw.
   428 | D        | Found an iron altar of Okawaru.
   428 | D        | Found a bloodstained altar of Trog.
   428 | D        | Found an ornate altar of the Wu Jian Council.
   428 | D        | Noticed a human
   429 | D        | Noticed a human
   437 | D        | Slain by a human

Illustrated notes

Levels and vault maps discovered:
D:        dungeon_sprint_mu [sprint_mu_entry_forest, sprint_mu_temple_rooms,
          sprint_mu_d1_spiders, sprint_mu_d2_genie, sprint_mu_d3_branching,
          sprint_mu_orc_legion, sprint_mu_elf_gauntlet, sprint_mu_hive_nellie,
          sprint_mu_lair_fedhas, sprint_mu_vaults_butterflies,
          sprint_mu_slime_circle, sprint_mu_swamp_cave, sprint_mu_snake_twists,
          sprint_mu_blade_basic, sprint_mu_crypt_fortress,
          sprint_mu_tomb_spiral, sprint_mu_vestibule_basic,
          sprint_mu_gehenna_hellfire, sprint_mu_dis_giant,
          sprint_mu_tartarus_statrot, sprint_mu_cocytus_islands, sprint_mu_zot1]

Skill      XL: |  1  2  3 |
---------------+----------+-----
Fighting       | 4 6 |  6.5
Armour         | 4 6 |  6.7
Shields        | 4 6 |  6.5
Maces & Flails | 4 |  4.8
Throwing       | 1 |  1.2
Dodging        | |  0.9
Stealth        | |  0.6

Action                     |  1- 3 |  4- 6 || total
---------------------------+-------+-------++-------
  Melee: Flail             |    37 |     8 ||    45
  Throw: Stone             |     7 |       ||     7
    Use: Potion            |       |     2 ||     2
 Armour: Scale mail        |    15 |     2 ||    17
  Dodge: Dodged            |    13 |     4 ||    17
  Block: Buckler           |     9 |     1 ||    10

Table legend: (Time is in decaauts)
 A = Elapsed time spent in this place.
 B = Non-inter-level travel time spent in this place.
 C = Inter-level travel time spent in this place.
 D = Time resting spent in this place.
 E = Time spent auto-exploring this place.
 F = Levels seen in this place.
 G = Mean time per level.
                   A        B        C        D        E       F      G
               +--------+--------+--------+--------+--------+-----+--------+
         Total |    463 |    463 |      0 |    212 |     65 |   1 |  463.0 |
       Dungeon |    463 |    463 |      0 |    212 |     65 |   1 |  463.0 |
               +--------+--------+--------+--------+--------+-----+--------+

Top non-repeatable levels by time:
       D: 463 daAuts
